 Dungeon Crawl Stone Soup version 0.20.1-1-g8b1a95d (webtiles) character file.

144 polve the Ruffian (level 5, 0/40 HPs)
             Began as a Draconian Transmuter on July 4, 2017.
             Slain by Grinder (11 damage)
             ... on level 3 of the Dungeon.
             The game lasted 00:03:07 (1901 turns).

polve the Ruffian (Draconian Transmuter)            Turns: 1901, Time: 00:03:07

Health: 0/40       AC:  5    Str: 12    XL:     5   Next: 5%
Magic:  0/8        EV: 12    Int: 15    God:
Gold:   150        SH:  0    Dex: 11    Spells: 5/8 levels left

rFire    . . .     SeeInvis .     - Unarmed
rCold    . . .     Gourm    .   (no shield)
rNeg     . . .     Faith    .   (armour unavailable)
rPois    .         Spirit   .   (helmet restricted)
rElec    .         Reflect  .   (no cloak)
rCorr    +         Harm     .   (no gloves)
MR       .....                  (no boots)
Stlth    +.........             e - amulet of regeneration
Regen    0.6/turn               l - ring of resist corrosion
MPRegen  0.2/turn               (no ring)

@: appendage, slowed, very slow
A: unfitting armour, horns 2, cold-blooded, AC +5
a: End Transformation


You were on level 3 of the Dungeon.
You were very hungry.
You had grown temporary horns.
You visited 1 branch of the dungeon, and saw 3 of its levels.

You collected 150 gold pieces.

Inventory:

Missiles
 a - 4 arrows (quivered)
Armour
 p - a +0 pair of gloves
Jewellery
 e - an amulet of regeneration (around neck)
 l - a ring of resist corrosion (left hand)
Scrolls
 h - a scroll of amnesia {unknown}
 i - 3 scrolls of enchant armour {unknown}
 j - 2 scrolls of identify {unknown}
 k - 3 scrolls of remove curse {unknown}
 n - 3 scrolls of teleportation {unknown}
 q - a scroll of recharging {unknown}
Potions
 o - a potion of heal wounds {unknown}
Books
 b - a book of Changes

   Spells                             Type                      Level
   a - Beastly Appendage              Transmutation                1
   b - Sticks to Snakes               Transmutation                2
   c - Spider Form                    Transmutation/Poison         3
   d - Ice Form                       Ice/Transmutation            4
   e - Blade Hands                    Transmutation                5
Comestibles
 c - 2 bread rations
 g - 5 meat rations


   Skills:
 - Level 1.1 Fighting
 - Level 1.7 Dodging
 + Level 4.3 Unarmed Combat
 - Level 2.0 Spellcasting
 + Level 4.2 Transmutations


You had 5 spell levels left.
You knew the following spells:

 Your Spells              Type           Power        Failure   Level  Hunger
a - Beastly Appendage     Tmut           ##....       3%          1    #......
b - Sticks to Snakes      Tmut           ##......     6%          2    ###....


Dungeon Overview and Level Annotations

Branches:
Dungeon (3/15)

Altars:
Ashenzari
Gozag
Makhleb
Nemelex Xobeh

Annotations:
D:3 Grinder


Innate Abilities, Weirdness & Mutations

Your plain brown scales are hard. (AC +5)
You cannot fit into any form of body armour.
You are cold-blooded and may be slowed by cold attacks.
You have a pair of horns on your head.


Message History

Grinder gestures at you.
You suddenly lose the ability to move!
Grinder hits you.
* * * LOW HITPOINT WARNING * * *
You writhe in agony.
* * * LOW HITPOINT WARNING * * *
Grinder barely misses you. Grinder gestures at you.
You barely resist. Grinder hits you.
* * * LOW HITPOINT WARNING * * *
You writhe in agony.
* * * LOW HITPOINT WARNING * * *
Grinder hits you but does no damage.
You can move again.
Casting: Beastly Appendage
Confirm with . or Enter, or press ? or * to list all spells.
You create a snake!
You now have 4 arrows.
You are feeling very hungry.
Grinder hits you!
You die...

............(.....$.
#####.#(#..........
#.#)#.#.##.####
#.#†#.#.##.#
#.#S#.#....#
#.#.....###
#S#....)...
#5#.#......
#@._...>...
###.#......
#.......$ #......(.
#........ ######...
#..


You could see Grinder and a friendly ball python.

Vanquished Creatures
  A centaur zombie (D:3)
  Natasha (twice) (D:3)
  An ooze (D:3)
  A worm (D:2)
  2 dart slugs
  A leopard gecko (D:3)
  An orc (D:3)
  A ball python (D:1)
  6 bats
  2 giant cockroaches
  8 goblins
  3 hobgoblins
  5 kobolds
  2 quokkas (D:2)
  5 frilled lizards
  3 rats
44 creatures vanquished.

Vanquished Creatures (collateral kills)
  An adder (D:1)
  A rat (D:3)
2 creatures vanquished.

Grand Total: 46 creatures vanquished

Notes
Turn   | Place    | Note
-------+----------+-------------------------------------------
     0 | D:1      | polve the Draconian Transmuter began the quest for the Orb.
     0 | D:1      | Reached XP level 1. HP: 16/16 MP: 3/3
   311 | D:1      | Reached XP level 2. HP: 17/23 MP: 5/5
   315 | D:1      | Learned a level 2 spell: Sticks to Snakes
  1171 | D:1      | Reached XP level 3. HP: 7/28 MP: 1/6
  1267 | D:2      | Found a burning altar of Makhleb.
  1713 | D:2      | Found an opulent altar of Gozag.
  1713 | D:2      | Found a sparkling altar of Nemelex Xobeh.
  1825 | D:3      | Noticed Grinder
  1834 | D:3      | Found a shattered altar of Ashenzari.
  1844 | D:3      | Reached XP level 4. HP: 23/35 MP: 4/7
  1871 | D:3      | Noticed Natasha
  1881 | D:3      | Killed Natasha
  1882 | D:3      | Paralysed by Grinder for 5 turns
  1888 | D:3      | Noticed Natasha
  1895 | D:3      | Killed Natasha
  1895 | D:3      | Reached XP level 5. HP: 16/40 MP: 1/8
  1896 | D:3      | Paralysed by Grinder for 5 turns
  1901 | D:3      | Slain by Grinder

Skill      XL: |  1  2  3  4 |
---------------+-------------+-----
Transmutations | 3 4 |  4.2
Unarmed Combat | 4 |  4.3
Fighting       | |  1.1
Dodging        | |  1.7
Spellcasting   | |  2.0

Action                   |  1- 3 |  4- 6 || total
-------------------------+-------+-------++-------
Melee: Unarmed           |   158 |    27 ||   185
       Tailslap          |    17 |     3 ||    20
       Kick              |     6 |       ||     6
       Headbutt          |       |     3 ||     3
 Cast: Sticks to Snakes  |     2 |     6 ||     8
       Beastly Appendage |     3 |     2 ||     5
  Use: Potion            |       |     2 ||     2
  Eat: Chunk             |     3 |       ||     3
Armor: Skin              |    42 |     7 ||    49
Dodge: Dodged            |   115 |    17 ||   132
